[Event "Team 45 45 League T57"]
[Site "Internet Chess Club"]
[Date "2013.06.24"]
[Round "5"]
[White "BigH"]
[Black "carokantor"]
[Result "1-0"]
[WhiteElo "2051"]
[BlackElo "1927"]
[Opening "English: Neo-Catalan"]
[ECO "A13"]
[Time "11:14:42"]
[TimeControl "2700+45"]

1. c4 Nf6 2. g3 e6 3. Nf3 d5 4. Bg2 c6 5. b3 Be7 6. O-O O-O 7. Bb2 Nbd7 8. e3
Ne4 9. d3 Bf6 10. Qc2 Bxb2 11. Qxb2 Nef6 12. Nbd2 b6 13. Nd4 Bb7 14. cxd5 cxd5
15. Rfc1 Nc5 16. Bf1 Rc8 17. b4 Na4 18. Qb3 Qd7 19. N2f3 Rfd8 20. h3 a6 21. Ne5
Qe8 22. g4 h6 23. Be2 b5 24. f4 Rxc1+ 25. Rxc1 Rc8 26. Rc2 Nd7 27. Rxc8 Qxc8 28.
Nxd7 Qxd7 29. Qc2 Qd6 30. a3 g6 31. Nb3 e5 32. Na5 Qb6 33. Nxb7 Qxb7 34. fxe5
Qe7 35. d4 Qh4 36. Kg2 Qe1 37. Qd1 Qc3 38. Qd3 Qe1 39. e6 fxe6 40. Qxg6+ Kf8 41.
Qxh6+ Ke7 42. Qg7+ Kd6 43. Qe5+ Kd7 44. Bf3 Nb2 45. Qg3 Qxe3 46. Qf2 Qc3 47. Be2
Nc4 48. Qf7+ Kd6 49. Qf4+ Kd7 50. g5 Ne3+ 51. Kf2 Nf5 52. h4 Qh3 53. h5 Nh4 54.
Bf3 Nxf3 55. Qxf3 Qh4+ 56. Ke3 Qxg5+ 57. Kd3 Qc1 58. Qf7+ Kd6 59. Qf8+ Kd7 60.
Qg7+ Kd6 61. Qe5+ Kd7 62. Ke2 Qxa3 63. h6 Qb2+ 64. Kf3 Qc3+ 65. Kg4 Qc2 66. Kg5
Qg2+ 67. Kf6 Qf3+ 68. Kg7 Qg4+ 69. Kh8 Qh4 70. Qg7+ Kd6 71. Qf8+ Kd7 72. h7 Qh5
73. Kg8 Qg6+ 74. Qg7+ Qxg7+ 75. Kxg7 e5 76. dxe5 Ke6 77. h8=Q Kxe5 78. Qh2+ Ke4
79. Qd2 d4 80. Kf6 Kd5 81. Kf5 Kc4 82. Ke4 d3 83. Qxd3+ Kxb4 84. Kd4 a5 85. Qb1+
Ka4 86. Kc3 b4+ 87. Kc4 Ka3 88. Qa1# {Black checkmated} 1-0

[Event "Team 45 45 League T57"]
[Site "Internet Chess Club"]
[Date "2013.06.22"]
[Round "5"]
[White "Budzo"]
[Black "zap2"]
[Result "1/2-1/2"]
[WhiteElo "1846"]
[BlackElo "1735"]
[Opening "Nimzo-Indian: 4.e3 O-O, 5.Bd3"]
[ECO "E47"]
[Time "09:31:56"]
[TimeControl "2700+45"]

1. d4 Nf6 2. c4 e6 3. Nc3 Bb4 4. e3 O-O 5. Bd3 d6 6. Nf3 Bxc3+ 7. bxc3 b6 8. O-O
Nc6 9. e4 e5 10. h3 Re8 11. Re1 Ba6 12. Be3 Na5 13. Nd2 Qd7 14. Qe2 Rad8 15.
Rad1 Qa4 16. Ra1 h6 17. Qd1 Qxd1 18. Raxd1 d5 19. f3 dxc4 20. Bc2 Re7 21. d5 Ne8
22. Rb1 Nd6 23. Bd1 f5 24. Be2 f4 25. Bf2 g5 26. Red1 h5 27. h4 Nf7 28. hxg5
Nxg5 29. Bh4 Rg7 30. Kf2 Kh7 31. Rb4 Rdg8 32. Bxg5 Rxg5 33. Rg1 h4 34. Bf1 Kh6
35. Rh1 Kh5 36. Rh2 Nb7 37. Bxc4 Bxc4 38. Nxc4 Nc5 39. Kf1 Rh8 40. Rb1 Kg6 41.
Ke2 Kf6 42. Rbh1 Rgh5 43. Nb2 Ke7 44. Nd3 Nxd3 45. Kxd3 Kd6 46. Kc4 c6 47. dxc6
Kxc6 48. a4 {Game drawn by mutual agreement} 1/2-1/2

[Event "Team 45 45 League T57"]
[Site "Internet Chess Club"]
[Date "2013.06.23"]
[Round "5"]
[White "gandre"]
[Black "vigneshv"]
[Result "1/2-1/2"]
[WhiteElo "1786"]
[BlackElo "1707"]
[Opening "Trompowsky attack (Ruth, Opocenský opening)"]
[ECO "A45"]
[Time "12:01:20"]
[TimeControl "2700+45"]

1. d4 Nf6 2. Bg5 e6 3. e4 h6 4. Bxf6 Qxf6 5. Nc3 d6 6. Qd2 g5 7. O-O-O Bg7 8. g3
Nc6 9. Bb5 Bd7 10. Nge2 a6 11. Bxc6 Bxc6 12. f4 Qg6 13. Qe3 O-O 14. fxg5 Qxg5
15. Qxg5 hxg5 16. Rhf1 b5 17. d5 exd5 18. Nxd5 Bxd5 19. exd5 Rfe8 20. Rf2 Re7
21. Nd4 Bxd4 22. Rxd4 Rae8 23. h4 gxh4 24. Rxh4 Re4 25. Rhf4 Rxf4 26. gxf4 Kg7
27. Kd2 Kf6 28. Re2 Rxe2+ 29. Kxe2 Kf5 30. Kf3 b4 31. c3 a5 32. cxb4 a4 33. a3
f6 34. b5 Kg6 35. Kg3 f5 36. Kh4 Kh6 37. Kg3 Kg6 38. Kh4 Kh6 39. Kg3 Kg6 {Game
drawn by repetition} 1/2-1/2

[Event "Team 45 45 League T57"]
[Site "Internet Chess Club"]
[Date "2013.06.20"]
[Round "5"]
[White "Gorongonde"]
[Black "montgomerydvd"]
[Result "1-0"]
[WhiteElo "1690"]
[BlackElo "1474"]
[Opening "Scotch gambit"]
[ECO "C44"]
[Time "19:00:05"]
[TimeControl "2700+45"]

1. e4 e5 2. Nf3 Nc6 3. d4 exd4 4. Bc4 d6 5. c3 Ne5 6. Nxe5 dxe5 7. Qb3 Qd7 8.
O-O Bd6 9. cxd4 exd4 10. e5 Bc5 11. Re1 Qe7 12. Bf4 c6 13. Nd2 Be6 14. Ne4 Bxc4
15. Qxc4 b6 16. Nd6+ Kf8 17. b4 Bxd6 18. exd6 Qf6 19. Qxc6 Rd8 20. Re4 g6 21.
Rae1 Qf5 22. Re8+ Rxe8 23. Qxe8+ Kg7 24. d7 Nf6 25. Qxh8+ Kxh8 26. d8=Q+ Kg7 27.
Be5 d3 28. Bxf6+ Qxf6 29. Qxf6+ Kxf6 30. Rd1 {Black resigns} 1-0

[Event "Team 45 45 League T57"]
[Site "Internet Chess Club"]
[Date "2013.06.22"]
[Round "5"]
[White "Tobiasdelmonte"]
[Black "leland"]
[Result "1-0"]
[WhiteElo "1922"]
[BlackElo "1917"]
[Opening "Queen's pawn game"]
[ECO "A45"]
[Time "22:00:31"]
[TimeControl "2700+45"]

1. d4 Nf6 2. g3 g6 3. Bg2 Bg7 4. Nf3 O-O 5. O-O d6 6. c4 Nbd7 7. b3 c5 8. Bb2
Qc7 9. Nc3 a6 10. Rc1 Rb8 11. Re1 Qa5 12. Qd2 b5 13. Nd5 Qd8 14. dxc5 Ne4 15.
Qc2 Nexc5 16. Bxg7 Kxg7 17. Qc3+ Kg8 18. e4 bxc4 19. Qxc4 Nb6 20. Nxb6 Qxb6 21.
Red1 Be6 22. Qe2 f6 23. Nd4 Bf7 24. b4 Ne6 25. Nc6 Rb7 26. a3 Rc7 27. Na5 Rfc8
28. Rxc7 Rxc7 29. Bf1 Ra7 30. Rc1 Be8 31. Rc8 Kf7 32. Qc4 Bb5 33. Qb3 Bxf1 34.
Kxf1 Qb5+ 35. Kg2 Qd7 36. Qc4 Kg7 37. h4 Nc7 38. Rg8+ Kh6 39. Qc1+ Kh5 40. Qd1+
Kh6 41. Qd2+ Kh5 42. Qe2+ Qg4 43. f3 Qe6 44. g4+ {Black resigns} 1-0

[Event "Team 45 45 League T57"]
[Site "Internet Chess Club"]
[Date "2013.06.24"]
[Round "5"]
[White "joebobpop"]
[Black "JustinL"]
[Result "0-1"]
[WhiteElo "1745"]
[BlackElo "1983"]
[Opening "French: Tarrasch, open variation, main line"]
[ECO "C09"]
[Time "13:00:17"]
[TimeControl "2700+45"]

1. e4 e6 2. d4 d5 3. Nd2 c5 4. exd5 exd5 5. Ngf3 Nc6 6. Bb5 Qb6 7. Bxc6+ bxc6 8.
c3 Ba6 9. Nf1 Nf6 10. Qc2 Bd6 11. Be3 O-O 12. Ng3 Rfe8 13. O-O-O cxd4 14. Bxd4
Bf4+ 15. Kb1 Qd8 16. Qf5 Qd6 17. h4 Bc8 18. Qd3 Ne4 19. Nh5 Bf5 20. Nxg7 Nxc3+
21. Bxc3 Bxd3+ 22. Rxd3 Qg6 23. Kc2 Re2+ 24. Nd2 Bxd2 25. Bxd2 Qxg7 26. Rg3 Rxf2
27. Rxg7+ Kxg7 28. Rg1 Rb8 29. g4 Rxd2+ 30. Kxd2 Rxb2+ 31. Kc3 Rxa2 32. Kd4 Ra4+
33. Ke5 a5 34. Rc1 Rc4 35. Rg1 a4 36. Kd6 d4 37. Rd1 a3 38. Ke5 c5 39. Ke4 Rc3
40. Ra1 d3 41. Ke3 c4 42. Kd4 Rc2 43. Ke3 a2 {White resigns} 0-1

[Event "Team 45 45 League T57"]
[Site "Internet Chess Club"]
[Date "2013.06.19"]
[Round "5"]
[White "BYOB69"]
[Black "LiangLiang"]
[Result "0-1"]
[WhiteElo "1801"]
[BlackElo "1739"]
[Opening "Queen's pawn: London system"]
[ECO "A45"]
[Time "21:00:32"]
[TimeControl "2700+45"]

1. d4 Nf6 2. Bf4 g6 3. e3 Bg7 4. Nf3 O-O 5. h3 c5 6. c3 d6 7. Bd3 Nc6 8. O-O Qb6
9. Qb3 Qxb3 10. axb3 Bd7 11. Na3 Nd5 12. Bh2 cxd4 13. exd4 Rac8 14. b4 Rfd8 15.
Rfe1 Kf8 16. Nb1 f5 17. Ng5 h6 18. Ne6+ Bxe6 19. Rxe6 Kf7 20. Re2 Ncxb4 21. cxb4
Rc1+ {White resigns} 0-1

[Event "Team 45 45 League T57"]
[Site "Internet Chess Club"]
[Date "2013.06.21"]
[Round "5"]
[White "DouDou"]
[Black "Altairus"]
[Result "1-0"]
[WhiteElo "1767"]
[BlackElo "1695"]
[Opening "Ruy Lopez: Steinitz defense deferred (Russian defense)"]
[ECO "C79"]
[Time "23:30:55"]
[TimeControl "2700+45"]

1. e4 e5 2. Nf3 Nc6 3. Bb5 a6 4. Ba4 Nf6 5. O-O d6 6. d4 exd4 7. Nxd4 Bd7 8.
Nxc6 bxc6 9. Nc3 Be7 10. Bf4 O-O 11. Qe2 Rb8 12. Bb3 a5 13. Rad1 Qc8 14. Bg5 Bg4
15. f3 Be6 16. Kh1 Bxb3 17. axb3 Qe6 18. Qa6 Nh5 19. Bxe7 Qxe7 20. Qxc6 Qh4 21.
Kg1 Nf4 22. g3 Nh3+ 23. Kg2 Qh6 24. Nd5 Ng5 25. Ne7+ Kh8 26. Nf5 Qh3+ 27. Kg1
Rfe8 28. Qc3 f6 29. Qxc7 Rbc8 30. Qxg7# {Black checkmated} 1-0

[Event "Team 45 45 League T57"]
[Site "Internet Chess Club"]
[Date "2013.06.23"]
[Round "5"]
[White "Muravey"]
[Black "cys456"]
[Result "0-1"]
[WhiteElo "1985"]
[BlackElo "2009"]
[Opening "Caro-Kann: Panov-Botvinnik attack"]
[ECO "B13"]
[Time "13:00:29"]
[TimeControl "2700+45"]

1. e4 c6 2. d4 d5 3. exd5 cxd5 4. c4 Nf6 5. Nc3 Nc6 6. Bg5 Be6 7. Bxf6 exf6 8.
cxd5 Bxd5 9. Nxd5 Qxd5 10. Nf3 Bb4+ 11. Nd2 O-O 12. Be2 Qxg2 13. Rf1 Nxd4 14.
Qa4 Qe4 15. Qd1 Nf3# {White checkmated} 0-1

[Event "Team 45 45 League T57"]
[Site "Internet Chess Club"]
[Date "2013.06.23"]
[Round "5"]
[White "Frankly"]
[Black "Tamarin"]
[Result "0-1"]
[WhiteElo "1815"]
[BlackElo "1841"]
[Opening "Budapest: Adler variation"]
[ECO "A52"]
[Time "02:30:45"]
[TimeControl "2700+45"]

1. d4 Nf6 2. c4 e5 3. dxe5 Ng4 4. Nf3 Bc5 5. e3 Nc6 6. Nc3 O-O 7. Be2 Re8 8. O-O
Ngxe5 9. Nxe5 Nxe5 10. a3 a5 11. b3 Ra6 12. Qd5 Qe7 13. Bb2 Rh6 14. g3 c6 15.
Qd1 Qe6 16. h4 Qg6 17. Qb1 f5 18. Kh2 Qg5 19. Nd1 Rxh4+ 20. gxh4 Qxh4+ 21. Kg2
Qg5+ 22. Kh1 Re6 23. Bxe5 Rh6+ 24. Bh2 Qh4 {White resigns} 0-1

[Event "Team 45 45 League T57"]
[Site "Internet Chess Club"]
[Date "2013.06.21"]
[Round "5"]
[White "John3v16"]
[Black "ghostfire"]
[Result "1-0"]
[WhiteElo "1746"]
[BlackElo "1790"]
[Opening "Ruy Lopez: Steinitz defense deferred (Russian defense)"]
[ECO "C79"]
[Time "21:01:56"]
[TimeControl "2700+45"]

1. e4 e5 2. Nf3 Nc6 3. Bb5 a6 4. Ba4 Nf6 5. O-O d6 6. d4 b5 7. Bb3 Nxe4 8. Bd5
Bb7 9. Bxe4 d5 10. Bf5 e4 11. Ne5 Nxe5 12. dxe5 h5 13. Bg5 Be7 14. Bxe7 Qxe7 15.
f4 f6 16. Bg6+ Kd8 17. Nc3 c6 18. Nxe4 fxe5 19. fxe5 Qxe5 20. Nc5 Qe3+ 21. Kh1
Qxc5 22. Rf7 Qd6 23. Qd4 Qxg6 24. Qh4+ Kc8 25. Qe7 Qxf7 26. Qxf7 Kb8 27. Re1 Ka7
28. Re7 Rab8 29. Qxg7 Rhg8 30. Rxb7+ {Black resigns} 1-0

[Event "Team 45 45 League T57"]
[Site "Internet Chess Club"]
[Date "2013.06.22"]
[Round "5"]
[White "carokantor"]
[Black "Rodin7"]
[Result "0-1"]
[WhiteElo "1938"]
[BlackElo "2140"]
[Opening "Sicilian: Alapin's variation (2.c3)"]
[ECO "B22"]
[Time "22:30:41"]
[TimeControl "2700+45"]

1. e4 c5 2. c3 Nf6 3. e5 Nd5 4. Nf3 Nc6 5. d4 cxd4 6. Bc4 Nb6 7. Bb3 d5 8. exd6
Qxd6 9. O-O Be6 10. Bxe6 Qxe6 11. Nxd4 Nxd4 12. Qxd4 Rd8 13. Qh4 Qe2 14. Nd2 e6
15. g3 Be7 16. Qh3 Rxd2 17. Bxd2 Qxd2 18. Qg2 Qd5 19. Rfd1 Qxg2+ 20. Kxg2 O-O
21. a4 a5 22. Rd4 Bc5 23. Re4 Rd8 24. b4 axb4 25. cxb4 Bd6 26. a5 Nd5 27. b5 Kf8
28. a6 bxa6 29. bxa6 Ra8 30. Rc4 Ke7 31. f4 Ne3+ {White resigns} 0-1

[Event "Team 45 45 League T57"]
[Site "Internet Chess Club"]
[Date "2013.06.21"]
[Round "5"]
[White "Epcot"]
[Black "Happybear"]
[Result "1-0"]
[WhiteElo "2129"]
[BlackElo "2011"]
[Opening "King's Indian: fianchetto, classical variation, 8.e4"]
[ECO "E68"]
[Time "22:31:02"]
[TimeControl "2700+45"]

1. d4 Nf6 2. c4 g6 3. g3 Bg7 4. Bg2 O-O 5. Nc3 d6 6. Nf3 Nbd7 7. O-O e5 8. e4
Re8 9. h3 exd4 10. Nxd4 Nc5 11. Re1 a5 12. Ndb5 Be6 13. e5 dxe5 14. Qxd8 Raxd8
15. Nxc7 Bxc4 16. Nxe8 Rxe8 17. b3 Ba6 18. Bd2 b5 19. Be3 b4 20. Bxc5 bxc3 21.
Rac1 Rc8 22. Rxc3 Nd7 23. Rec1 e4 24. Bd4 Re8 25. Bxg7 Kxg7 26. Re1 {Black
resigns} 1-0

[Event "Team 45 45 League T57"]
[Site "Internet Chess Club"]
[Date "2013.06.23"]
[Round "5"]
[White "M-Tuzel"]
[Black "Pason"]
[Result "1/2-1/2"]
[WhiteElo "1666"]
[BlackElo "1917"]
[Opening "French: Tarrasch, closed variation, main line"]
[ECO "C06"]
[Time "10:02:48"]
[TimeControl "2700+45"]

1. e4 e6 2. d4 d5 3. Nd2 Nf6 4. e5 Nfd7 5. Bd3 c5 6. c3 Nc6 7. Ne2 cxd4 8. cxd4
f6 9. exf6 Nxf6 10. Nf3 Bd6 11. Bf4 Bb4+ 12. Bd2 Be7 13. O-O O-O 14. Re1 Qb6 15.
Bc3 Bd7 16. Nf4 Nb4 17. Bb1 Rae8 18. a3 Na6 19. Ng5 Nc7 20. Qd3 Ne4 21. Nxe4
Rxf4 22. Nc5 Bc8 23. Qxh7+ Kf8 24. g3 Rf6 25. Bg6 Rxg6 26. Qxg6 Bf6 27. Bb4 Kg8
28. Rad1 a5 29. Bc3 Qb5 30. a4 Qb6 31. Rd3 Rf8 32. h4 Na6 33. Rf3 Qc6 34. Nd3
Qxa4 35. h5 Bxd4 36. Rxf8+ Kxf8 37. h6 gxh6 38. Qxh6+ Ke8 39. Rxe6+ {Game drawn
by mutual agreement} 1/2-1/2

[Event "Team 45 45 League T57"]
[Site "Internet Chess Club"]
[Date "2013.06.22"]
[Round "5"]
[White "chess9793"]
[Black "sonoftill"]
[Result "1/2-1/2"]
[WhiteElo "2065"]
[BlackElo "2134"]
[Opening "Sicilian: accelerated fianchetto, modern variation with Bc4"]
[ECO "B35"]
[Time "16:01:34"]
[TimeControl "2700+45"]

1. e4 c5 2. Nf3 g6 3. d4 cxd4 4. Nxd4 Bg7 5. Nc3 Nc6 6. Be3 Nf6 7. Bc4 O-O 8.
Bb3 a5 9. O-O Nxd4 10. Bxd4 d6 11. Re1 Bd7 12. a4 Bc6 13. Nd5 Nd7 14. Bxg7 Kxg7
15. c3 Nc5 16. Bc2 e6 17. Nf4 Qd7 18. Re3 Qc7 19. Rh3 Nd7 20. Qg4 Nf6 21. Qg5 e5
22. Qh6+ Kg8 23. Ne2 Kh8 24. Rd1 Rad8 25. Ng3 Rg8 26. Rd3 Rg7 27. Nf5 gxf5 28.
Qxf6 f4 29. Rd1 Kg8 30. Rh6 Rd7 31. h3 Rg6 32. Rxg6+ hxg6 33. Kh2 Qd8 34. Qxd8+
Rxd8 35. b4 b6 36. f3 Kf8 37. b5 Bb7 38. c4 Ke7 39. Bd3 {Game drawn by mutual
agreement} 1/2-1/2

[Event "Team 45 45 League T57"]
[Site "Internet Chess Club"]
[Date "2013.06.21"]
[Round "5"]
[White "SlimeDog2"]
[Black "f5"]
[Result "1/2-1/2"]
[WhiteElo "2048"]
[BlackElo "2119"]
[Opening "QGD Slav"]
[ECO "D11"]
[Time "23:04:37"]
[TimeControl "2700+45"]

1. Nf3 d5 2. d4 c6 3. c4 Nf6 4. e3 e6 5. Nbd2 Nbd7 6. Bd3 Bd6 7. e4 dxe4 8. Nxe4
Nxe4 9. Bxe4 c5 10. O-O cxd4 11. Qxd4 Nf6 12. Bc2 Be7 13. Qh4 Bd7 14. Ne5 Qa5
15. Qg5 Ng4 16. Qxg7 Qxe5 17. Qxg4 O-O-O 18. Qf4 Bd6 19. Qxe5 Bxe5 20. Re1 Bd4
21. Rb1 Bc6 22. Kf1 a5 23. Be4 Bxe4 24. Rxe4 a4 25. Ke2 Rd7 26. Be3 Bxe3 27.
Kxe3 Rhd8 28. Re1 Rd2 29. Re2 R8d3+ 30. Kf4 Kd7 31. Kg5 Ke7 32. Kh6 Rxe2 33.
Rxe2 f5 34. Kxh7 Kf6 {Game drawn by mutual agreement} 1/2-1/2

[Event "Team 45 45 League T57"]
[Site "Internet Chess Club"]
[Date "2013.06.21"]
[Round "5"]
[White "stile"]
[Black "cyborg86"]
[Result "1-0"]
[WhiteElo "1842"]
[BlackElo "1867"]
[Opening "French: Two knights variation"]
[ECO "C00"]
[Time "14:01:37"]
[TimeControl "2700+45"]

1. e4 e6 2. Nf3 d5 3. Nc3 Nf6 4. e5 Nfd7 5. d4 c5 6. dxc5 Nc6 7. Bf4 Bxc5 8. Bd3
f6 9. exf6 Nxf6 10. O-O O-O 11. Ne5 Ne4 12. Bxe4 Rxf4 13. Nd3 Qf8 14. Nxf4 Qxf4
15. Bxd5 Nd4 16. g3 Qc7 17. Bg2 Bd7 18. Ne4 Bb6 19. c3 Nf5 20. Qe2 Rf8 21. Rad1
h6 22. Rd2 Bc6 23. Kh1 Bd5 24. b3 Qe5 25. c4 Bc6 26. f4 Qc7 27. Rd3 e5 28. Nc3
Bxg2+ 29. Kxg2 Qc6+ 30. Nd5 exf4 31. Rxf4 Qc5 32. Qe6+ Kh8 33. Rxf5 Qg1+ 34. Kh3
Rxf5 35. Qxf5 Qc5 36. Rf3 Qd4 37. Ne7 {Black resigns} 1-0

[Event "Team 45 45 League T57"]
[Site "Internet Chess Club"]
[Date "2013.06.21"]
[Round "5"]
[White "Portola"]
[Black "hood"]
[Result "1/2-1/2"]
[WhiteElo "1794"]
[BlackElo "1746"]
[Opening "Queen's pawn: London system"]
[ECO "A45"]
[Time "21:00:40"]
[TimeControl "2700+45"]

1. d4 Nf6 2. Bf4 g6 3. h3 Bg7 4. e3 Nd5 5. Bg3 d6 6. c3 O-O 7. Bd3 Re8 8. e4 Nb6
9. Nf3 a6 10. O-O Nc6 11. Nbd2 e5 12. dxe5 dxe5 13. Qc2 Be6 14. Rfd1 Qe7 15. b4
Rad8 16. a3 f6 17. a4 Qf7 18. b5 axb5 19. axb5 Ne7 20. Ra7 Rb8 21. Rb1 Nec8 22.
Raa1 Nd6 23. Be2 Ra8 24. Bf1 Ndc4 25. Nxc4 Bxc4 26. Nd2 Bxf1 27. Rxf1 f5 28. f3
f4 29. Bf2 Nc4 30. Nxc4 Qxc4 31. Qb2 b6 32. Rfd1 Rxa1 33. Qxa1 Qxb5 34. Qa2+ Kf8
35. Rd5 Qc6 36. Qd2 Bf6 37. Rd7 Re7 38. Rd8+ Kf7 39. Rd5 Re6 40. Qb2 Rd6 41. Qb3
Rxd5 42. exd5 Qd6 43. Qb5 Ke7 44. Qb3 g5 45. c4 Ke8 46. Qd3 Qe7 47. Qf5 h5 48.
Qc8+ Qd8 49. Qe6+ Qe7 50. Qg8+ Kd7 51. Qg6 h4 52. Qc2 Qd6 53. Qf5+ Ke7 54. Qc2
Kf7 55. Qh7+ Kf8 56. Qc2 Kg7 57. Qb3 Be7 58. Kf1 Qa3 59. Qxa3 Bxa3 60. Be1 Kf7
61. Bc3 Kf6 62. Ke2 Kf5 63. Kd3 Bc5 64. Bd2 Bd4 65. Bb4 Bc5 66. Bd2 Bd4 67. Bb4
Bc5 68. Bd2 Bd4 69. Bb4 Bc5 {Game drawn by repetition} 1/2-1/2

[Event "Team 45 45 League T57"]
[Site "Internet Chess Club"]
[Date "2013.06.23"]
[Round "5"]
[White "f5"]
[Black "PoisonPawn"]
[Result "0-1"]
[WhiteElo "2098"]
[BlackElo "2028"]
[Opening "Sicilian: closed, 6.f4"]
[ECO "B25"]
[Time "20:06:20"]
[TimeControl "2700+45"]

1. e4 c5 2. Nc3 Nc6 3. g3 g6 4. Bg2 Bg7 5. d3 d6 6. f4 e6 7. Nf3 Nge7 8. O-O O-O
9. Be3 b6 10. d4 d5 11. e5 Nf5 12. Bf2 Ba6 13. Re1 Nfxd4 14. Bxd4 Nxd4 15. Nxd4
cxd4 16. Qxd4 Qd7 17. Rad1 Rac8 18. Qe3 Rc7 19. h4 Rfc8 20. Kh1 Qe7 21. Rd2 Qb4
22. Nxd5 exd5 23. c3 Qc5 24. Qxc5 Rxc5 25. Rxd5 Rxd5 26. Bxd5 Bc4 27. Rd1 Bxd5+
28. Rxd5 Bf8 29. Rd7 a5 30. Kg2 Bc5 31. Kf3 h5 32. g4 hxg4+ 33. Kxg4 Rc6 34. a3
Kf8 35. h5 gxh5+ 36. Kxh5 Ke8 37. Rb7 Re6 38. Kg4 Re7 39. Rb8+ Kd7 40. b4 axb4
41. axb4 Bf2 42. c4 Ke6 43. Kf3 Bg1 44. Ke4 f5+ 45. exf6 Kxf6+ 46. Kd5 Rc7 47.
Rf8+ Kg7 48. Re8 Rf7 49. Re2 Kf6 50. Re1 Bf2 51. Re2 Bg1 52. Rg2 Be3 53. Ke4
Re7+ 54. Kf3 Bd4 55. Rd2 Bc3 56. Rh2 Kg7 57. b5 Bd4 58. Rh5 Re3+ 59. Kg4 Rc3 60.
Rd5 Bc5 61. Kf5 Rxc4 62. Rd7+ Kf8 63. Ke5 Rc1 64. f5 Re1+ 65. Kf6 Be7+ 66. Kg6
Rg1+ 67. Kh6 Kf7 68. Kh5 Rg5+ 69. Kh6 Rxf5 {White resigns} 0-1

[Event "Team 45 45 League T57"]
[Site "Internet Chess Club"]
[Date "2013.06.23"]
[Round "5"]
[White "primerpaso"]
[Black "NJSKing"]
[Result "1-0"]
[WhiteElo "1902"]
[BlackElo "1921"]
[Opening "English: Carls' Bremen system"]
[ECO "A22"]
[Time "23:00:37"]
[TimeControl "2700+45"]

1. c4 Nf6 2. Nc3 e5 3. g3 Nc6 4. Bg2 Bb4 5. Nd5 Bc5 6. e3 O-O 7. Ne2 Re8 8. O-O
a5 9. b3 d6 10. Bb2 Nxd5 11. cxd5 Ne7 12. d4 exd4 13. Nxd4 Nf5 14. Nxf5 Bxf5 15.
Qd2 Qg5 16. Bd4 Ba3 17. Qc3 Re7 18. Rad1 h6 19. f3 Bb4 20. Qc4 Rae8 21. e4 Bd7
22. f4 Qh5 23. Bf3 Bg4 24. Bxg4 Qxg4 25. e5 h5 26. Qd3 Rd8 27. Kg2 dxe5 28. Bxe5
Bd6 29. Rfe1 Bb4 30. h3 Qd7 31. Re4 f6 32. Bb2 Rxe4 33. Qxe4 Re8 34. Qf3 Qf5 35.
Rc1 Re7 36. h4 Kh7 37. Rc4 Re1 38. a3 Qb1 39. Bxf6 Qa2+ 40. Kh3 Re2 41. Qxh5+
Kg8 42. axb4 Rh2+ 43. Kg4 Qe2+ 44. Kg5 gxf6+ 45. Kh6 Qe7 46. Qg6+ Kf8 47. Re4
Qd7 48. Qxf6+ Kg8 49. Re8+ Qxe8 50. Qg7# {Black checkmated} 1-0

[Event "Team 45 45 League T57"]
[Site "Internet Chess Club"]
[Date "2013.06.21"]
[Round "5"]
[White "Barrett-CCSCSL"]
[Black "MisterDoob"]
[Result "1/2-1/2"]
[WhiteElo "2111"]
[BlackElo "2153"]
[Opening "Queen's pawn game"]
[ECO "D05"]
[Time "14:13:07"]
[TimeControl "2700+45"]

1. d4 Nf6 2. e3 e6 3. Nf3 d5 4. Be2 c5 5. O-O Nc6 6. Nbd2 Bd6 7. dxc5 Bxc5 8.
Nb3 Bd6 9. c4 O-O 10. cxd5 exd5 11. Bd2 Ne4 12. Bc3 Nxc3 13. bxc3 Be6 14. Rc1
Qf6 15. c4 Ba3 16. Rc2 dxc4 17. Nbd4 Nxd4 18. Nxd4 Rac8 19. Nxe6 Qxe6 20. Qd4 b5
21. Qxa7 Bd6 22. Rfc1 Rfd8 23. Qb7 Qe5 24. g3 Rc7 25. Qa6 Rcd7 26. a4 Ba3 27.
Rf1 Qe4 28. Ra2 Bb4 29. Qxb5 c3 30. Qc4 Qxc4 31. Bxc4 Rd2 32. Rxd2 cxd2 33. Rd1
Rc8 34. Bd3 Rc1 35. Be2 f5 36. Kf1 Kf7 37. Bf3 Ke6 38. Ke2 g5 39. Bb7 g4 40. Ba6
Kd6 41. Bb5 Ke5 42. Ba6 h6 43. Bb5 {Game drawn by mutual agreement} 1/2-1/2

[Event "Team 45 45 League T57"]
[Site "Internet Chess Club"]
[Date "2013.06.25"]
[Round "5"]
[White "Campagnolo"]
[Black "Jack-ONeill"]
[Result "1/2-1/2"]
[WhiteElo "2086"]
[BlackElo "2049"]
[Opening "Catalan: closed, 5.Nf3"]
[ECO "E06"]
[Time "13:03:43"]
[TimeControl "2700+45"]

1. Nf3 d5 2. d4 Nf6 3. c4 e6 4. g3 Be7 5. Bg2 O-O 6. O-O dxc4 7. Ne5 Nc6 8. Bxc6
bxc6 9. Nxc6 Qe8 10. Nxe7+ Qxe7 11. Qa4 e5 12. dxe5 Qxe5 13. Nc3 Ne4 14. Qxc4
Nxc3 15. bxc3 Be6 16. Qd3 Rad8 17. Bf4 Qa5 18. Qc2 Rfe8 19. Rfe1 h6 20. Rad1
Rxd1 21. Rxd1 Qxa2 22. Qxa2 Bxa2 23. Rd2 Bc4 {Game drawn by mutual agreement}
1/2-1/2

[Event "Team 45 45 League T57"]
[Site "Internet Chess Club"]
[Date "2013.06.22"]
[Round "5"]
[White "minke"]
[Black "TerryMalloy"]
[Result "1-0"]
[WhiteElo "1949"]
[BlackElo "1988"]
[Opening "Petrov: Nimzovich attack"]
[ECO "C42"]
[Time "15:09:08"]
[TimeControl "2700+45"]

1. e4 e5 2. Nf3 Nf6 3. Nxe5 d6 4. Nf3 Nxe4 5. Nc3 Nxc3 6. dxc3 Be7 7. Be3 Nc6 8.
Bd3 O-O 9. Qd2 Ne5 10. Nxe5 dxe5 11. O-O-O Be6 12. Qe2 Qe8 13. Qh5 f5 14. Qh3
Qf7 15. f4 e4 16. Be2 Rad8 17. b3 a5 18. g4 a4 19. gxf5 Bxf5 20. Bg4 Ra8 21.
Bxf5 Qxf5 22. Qxf5 Rxf5 23. b4 Bd6 24. Rd4 Re8 25. Rf1 b5 26. a3 Kf7 27. Rg1 Kf6
28. Rg4 Re7 29. Kd1 Rh5 30. Rd2 g6 31. Rg5 Rxg5 32. fxg5+ Ke6 33. Rf2 Rf7 34.
Rxf7 Kxf7 35. h3 Ke6 36. Ke2 Kf5 37. Kd2 Be7 38. c4 c6 39. cxb5 cxb5 40. h4 Kg4
41. Kc3 Kxh4 42. Kd4 Bxg5 43. c4 Bxe3+ 44. Kxe3 g5 45. cxb5 g4 46. b6 g3 47. b7
g2 48. Kf2 Kh3 49. b8=Q e3+ 50. Kg1 {Black resigns} 1-0

[Event "Team 45 45 League T57"]
[Site "Internet Chess Club"]
[Date "2013.06.21"]
[Round "5"]
[White "chess9793"]
[Black "ARuperez"]
[Result "1/2-1/2"]
[WhiteElo "2062"]
[BlackElo "2144"]
[Opening "French: Tarrasch, closed variation, main line"]
[ECO "C06"]
[Time "22:35:30"]
[TimeControl "2700+45"]

1. e4 e6 2. d4 d5 3. Nd2 Nf6 4. e5 Nfd7 5. Bd3 c5 6. c3 Nc6 7. Ne2 cxd4 8. cxd4
f6 9. exf6 Nxf6 10. O-O Bd6 11. Nf3 Qc7 12. Bg5 O-O 13. Rc1 Bd7 14. Re1 Rae8 15.
Bb1 Qb8 16. Nc3 Bf4 17. Bxf4 Qxf4 18. Qd3 e5 19. Nxd5 Nxd5 20. Qxh7+ Kf7 21.
Bg6+ Kf6 22. Bxe8 Rxe8 23. Rc5 Nxd4 24. Rxd5 Nxf3+ 25. gxf3 Qg5+ 26. Kh1 Bf5 27.
h4 Qf4 28. Qh5 Rh8 29. Rd6+ Ke7 30. Qxh8 Qxf3+ 31. Kg1 Qg4+ 32. Kh2 Qh3+ 33. Kg1
Qg4+ 34. Kh2 {Game drawn by mutual agreement} 1/2-1/2

[Event "Team 45 45 League T57"]
[Site "Internet Chess Club"]
[Date "2013.06.22"]
[Round "5"]
[White "CaptainMorgan"]
[Black "Rodin7"]
[Result "0-1"]
[WhiteElo "1998"]
[BlackElo "2132"]
[Opening "Sicilian: closed, 6.f4"]
[ECO "B25"]
[Time "14:02:51"]
[TimeControl "2700+45"]

1. e4 c5 2. Nc3 Nc6 3. g3 g6 4. d3 Bg7 5. Bg2 d6 6. f4 e6 7. Be3 Nge7 8. Nge2
O-O 9. Qd2 Nd4 10. O-O-O Bd7 11. g4 b5 12. e5 b4 13. Ne4 dxe5 14. Nxc5 Bc6 15.
Nxd4 exd4 16. Bg1 Bxg2 17. Qxg2 Qc7 18. Ne4 Qxf4+ 19. Kb1 Nd5 20. Re1 Ne3 {White
resigns} 0-1